 Dungeon Crawl Stone Soup version 0.29-a0-512-gf59ac788ac (webtiles) character file.

Game seed: 18333985448257142509

243 jsc1455 the Ruffian (level 5, -1/53 HPs)
             Began as a Troll Berserker on May 30, 2022.
             Was a Believer of Trog.
             Slain by a gnoll
             ... wielding a +0 flail
              (7 damage)
             ... on level 4 of the Dungeon.
             The game lasted 00:12:05 (2492 turns).

jsc1455 the Ruffian (Troll Berserker)               Turns: 2492, Time: 00:12:06

Health: -1/53      AC:  7    Str: 25    XL:     5   Next: 82%
Magic:  4/4        EV: 11    Int:  3    God:    Trog [**....]
Gold:   112        SH:  0    Dex: 17    Spells: 4/4 levels left

rFire   . . .      SeeInvis .   e - +2 quarterstaff (chaos)
rCold   . . .      Faith    .   (shield currently unavailable)
rNeg    . . .      Spirit   .   a - +0 animal skin
rPois   +          Reflect  .   (helmet restricted)
rElec   .          Harm     .   c - +2 cloak {rPois}
rCorr   +          Rampage  .   (gloves unavailable)
Will    .....                   (boots unavailable)
Stlth   ++........              (no amulet)
HPRegen 0.97/turn               f - +6 ring of dexterity
MPRegen 0.09/turn               h - ring of resist corrosion

@: no status effects
A: large, unfitting armour, claws 3, regeneration 1, shaggy fur 1, tough skin 1
a: Renounce Religion, Berserk, Trog's Hand


You were on level 4 of the Dungeon.
You worshipped Trog.
Trog was pleased with you.
You visited 1 branch of the dungeon, and saw 4 of its levels.

You collected 112 gold pieces.

Inventory:

Hand Weapons
 e - a +2 quarterstaff of chaos (weapon)
Armour
 a - a +0 animal skin (worn)
 c - a +2 cloak of poison resistance (worn)
 d - a +1 helmet
Jewellery
 f - a +6 ring of dexterity (left claw)
 h - a ring of resist corrosion (right claw)
Scrolls
 b - 3 scrolls of blinking
Potions
 g - a potion of ambrosia
 i - a potion of curing


   Skills:
 + Level 3.3 Fighting
 + Level 1.2 Staves
 + Level 3.2 Dodging
 + Level 0.6 Stealth
 + Level 4.7 Unarmed Combat


You had 4 spell levels left.
You didn't know any spells.
Your spell library contained the following spells:

 Spells                   Type           Power      Damage    Failure   Level
 Shock                    Conj/Air       0%         1d3       52%         1
 Swiftness                Air            0%         N/A       88%         3
 Airstrike                Air            0%         N/A       99%         4


Dungeon Overview and Level Annotations

Branches:
Dungeon (4/15)
 Temple: D:4-7

Altars:


Innate Abilities, Weirdness & Mutations

You are too large for most types of armour.
You have claws for hands.
Your natural rate of healing is unusually fast.
You are covered in fur. (AC +1)
You have tough skin. (AC +1)


Message History

The gnoll is severely wounded.
The gnoll hits you but does no damage. The gnoll hits you with a +0 whip.
The gnoll hits you but does no damage.
You closely miss the gnoll.
The gnoll is severely wounded.
The gnoll hits you from afar with a +0 spear.
The gnoll barely misses you. The gnoll hits you but does no damage.
You hit the gnoll.
You kill the gnoll!
Trog accepts your kill. The gnoll hits you but does no damage.
The gnoll hits you with a +0 flail. The gnoll hits you but does no damage.
The gnoll closely misses you. The gnoll hits you with a +0 flail.
You thump the gnoll!
The gnoll seems to grow stronger.
The gnoll is almost dead.
The gnoll hits you but does no damage. The gnoll hits you with a +0 flail.
The gnoll misses you.
You thump the gnoll!
You kill the gnoll!
Trog accepts your kill. The gnoll hits you but does no damage.
The gnoll hits you with a +0 flail.
Your Staves skill increases to level 1!
The gnoll hits you with a +0 spear! The gnoll barely misses you.
Things that are here:
a +0 flail; a +0 whip; a gnoll corpse The gnoll barely misses you.
You hit the gnoll. You freeze the gnoll.
The gnoll is lightly wounded.
The gnoll barely misses you. The gnoll hits you with a +0 flail!
* * * LOW HITPOINT WARNING * * *
You hit the gnoll but do no damage.
The gnoll is lightly wounded.
The gnoll barely misses you. The gnoll hits you but does no damage.
You hit the gnoll. Lightning courses through the gnoll!
You kill the gnoll!
Trog accepts your kill. The gnoll hits you but does no damage.
The gnoll hits you with a +0 flail!
* * * LOW HITPOINT WARNING * * *
The gnoll hits you with a +0 flail!
You die...

#†#####.###
#.##......#
#.##.##.#.#
#<##.##.#...
#.......#
###
####.#####
#.#...#
#.g...#
###@..#
##.## .# .#
.# .# .# .#


You could see a gnoll.

Vanquished Creatures
  An orc priest (D:2)
  Crazy Yiuf (D:2)
  An orc wizard (D:2)
  3 adders
  7 gnolls
  A dart slug (D:3)
  3 orcs (D:2)
  A ball python (D:3)
  4 endoplasms
  4 giant cockroaches
  12 goblins
  5 hobgoblins
  7 jackals
  2 quokkas (D:1)
  4 bats (D:2)
  3 frilled lizards
  5 kobolds
  4 rats
68 creatures vanquished.

Notes
Turn   | Place    | Note
-------+----------+-------------------------------------------
     0 | D:1      | jsc1455 the Troll Berserker began the quest for the Orb.
     0 | D:1      | Reached XP level 1. HP: 22/22 MP: 0/0
   410 | D:1      | Reached XP level 2. HP: 29/29 MP: 1/1
   860 | D:2      | Reached XP level 3. HP: 29/36 MP: 2/2
  1027 | D:2      | Reached ** piety under Trog
  1030 | D:2      | Reached skill level 4 in Unarmed Combat
  1030 | D:2      | Reached XP level 4. HP: 27/44 MP: 3/3
  1139 | D:2      | Found a runed translucent door.
  1140 | D:2      | Noticed Crazy Yiuf
  1145 | D:2      | Killed Crazy Yiuf
  1383 | D:2      | Reached XP level 5. HP: 29/53 MP: 4/4
  1392 | D:2      | HP: 1/53 [gnoll/+0 club (4)]
  2487 | D:4      | Reached skill level 1 in Staves
  2492 | D:4      | Slain by a gnoll

Illustrated notes

Levels and vault maps discovered:
D:1:      elethiomel_arrival_shortcut, layout_rooms, serial_co_window_serial,
          co_window_of_opportunity_a, co_window_paths_b, co_window_corner_a,
          co_window_cross_1, co_window_paths_a, co_window_corner_a,
          co_window_corner_b, co_window_unsneaky_path_a,
          co_window_unsneaky_path_d, co_window_broadway_b, co_window_cross_4,
          co_window_4corner_b, glass_columns_a, glass_columns_a
D:2:      kennysheep_the_goblin_king, layout_rooms, uniq_crazy_yiuf_cottage
D:3:      layout_loops_corners, dreamdust_ecumenical_altar_statues,
          grunt_ministairs_13
D:4:      layout_loops_cross, good_gods_temple_1, ebering_ghost_gozag,
          kennysheep_generic_room_14

Skill      XL: |  1  2  3  4  5 |
---------------+----------------+-----
Unarmed Combat | 4 |  4.7
Fighting       | 3 |  3.3
Dodging        | 3 |  3.2
Staves         | 1 |  1.2
Stealth        | |  0.6

Action                   |  1- 3 |  4- 6 || total
-------------------------+-------+-------++-------
Melee: Unarmed           |    57 |    24 ||    81
       Punch             |     1 |       ||     1
       Quarterstaff      |       |    84 ||    84
  Use: Scroll            |     6 |     2 ||     8
       Potion            |       |     1 ||     1
 Stab: Sleeping          |       |     3 ||     3
Armor: Animal skin       |    31 |    89 ||   120
Dodge: Dodged            |    32 |    90 ||   122

Table legend: (Time is in decaauts)
 A = Elapsed time spent in this place.
 B = Non-inter-level travel time spent in this place.
 C = Inter-level travel time spent in this place.
 D = Time resting spent in this place.
 E = Time spent auto-exploring this place.
 F = Levels seen in this place.
 G = Mean time per level.
                   A        B        C        D        E       F      G
               +--------+--------+--------+--------+--------+-----+--------+
         Total |   2508 |   2508 |      0 |     58 |      0 |   4 |  627.0 |
       Dungeon |   2508 |   2508 |      0 |     58 |      0 |   4 |  627.0 |
               +--------+--------+--------+--------+--------+-----+--------+

Top non-repeatable levels by time:
     D:2: 976 daAuts
     D:1: 837 daAuts
     D:3: 654 daAuts
     D:4: 39 daAuts
